 Dungeon Crawl Stone Soup version 0.31.0-9-g3a7656b989 (webtiles) character file.

Game seed: 4055640863736750686

17585 Bnni the Slicer (level 12, -4/67 HPs)
             Began as a Vine Stalker Fighter on Feb 2, 2024.
             Was a Believer of Uskayaw.
             Slain by a catoblepas (9 damage)
             ... while petrified by a catoblepas
             ... on level 15 of the Dungeon.
             The game lasted 00:29:55 (9131 turns).

Bnni the Slicer (Vine Stalker Fighter)              Turns: 9131, Time: 00:29:55

Health: -4/67      AC: 19    Str: 18    XL:     12   Next: 49%
Magic:  0/18       EV:  2    Int:  8    God:    Uskayaw [**....]
Gold:   2190       SH:  0    Dex: 20    Spells: 11/11 levels left

rFire   + . .        s - +2 rapier (speed)
rCold   . . .        c - +0 buckler
rNeg    + + +        D - +2 chain mail {rF+}
rPois   ∞            j - +0 helmet
rElec   .            J - +2 cloak
rCorr   .            r - +0 pair of gloves
SInv    .            g - +2 pair of boots
Will    +....        p - amulet of magic regeneration
Stlth   ++           o - +5 ring of evasion
HPRegen 1.11/turn    B - +5 ring of evasion
MPRegen 0.56/turn

%: guardian spirit
@: mighty, petrified
A: fangs 3, regeneration 1, magic shield, antimagic bite, no potion heal 2
a: Renounce Religion, Stomp, Line Pass


You were on level 15 of the Dungeon.
You worshipped Uskayaw.
Uskayaw was noncommittal.
You visited 2 branches of the dungeon, and saw 16 of its levels.
You also visited: Bailey.

You collected 2532 gold pieces.
You spent 342 gold pieces at shops.

Inventory:

Hand Weapons
 d - a +2 short sword of venom
 s - a +2 rapier of speed (weapon)
 G - a +3 vampiric dagger
Missiles
 F - 11 poisoned darts (quivered)
Armour
 c - a +0 buckler (worn)
 g - a +2 pair of boots (worn)
 j - a +0 helmet (worn)
 r - a +0 pair of gloves (worn)
 D - a +2 chain mail of fire resistance (worn)
 J - a +2 cloak (worn)
Jewellery
 f - a ring of poison resistance
 o - a +5 ring of evasion (left hand)
 p - an amulet of magic regeneration (around neck)
 B - a +5 ring of evasion (right hand)
Wands
 x - a wand of acid (2)
 y - a wand of flame (61)
 z - a wand of roots (16)
Scrolls
 e - a scroll of enchant armour
 i - a scroll of enchant weapon {unknown}
 k - 3 scrolls of vulnerability
 l - 2 scrolls of blinking
 m - 6 scrolls of immolation
 n - a scroll of fog
 q - a scroll of fear
 t - 7 scrolls of teleportation {unknown}
 u - a scroll of silence
 v - 4 scrolls of poison
Potions
 a - 4 potions of enlightenment
 b - 4 potions of lignification
 h - 9 potions of curing
 w - 2 potions of resistance {unknown}
 A - a potion of might
 C - a potion of cancellation {unknown}
 H - a potion of brilliance {unknown}
 I - a potion of magic {unknown}
 K - a potion of berserk rage {unknown}


   Skills:
 + Level 9.4 Fighting
 * Level 12.6 Short Blades
 - Level 2.4 Armour
 + Level 10.1 Stealth
 - Level 4.0 Shields
 + Level 7.7 Invocations


You had 11 spell levels left.
You didn't know any spells.
Your spell library contained the following spells:

 Spells                   Type           Power      Damage    Failure   Level
 Freeze                   Ice            0%         1d3       99%         1
 Shock                    Conj/Air       0%         1d3       99%         1
 Frozen Ramparts          Ice            0%         1d1       100%        3
 Hailstorm                Conj/Ice       0%         3d5       100%        3
 Swiftness                Air            0%         N/A       100%        3
 Airstrike                Air            0%         2d(0-16)  100%        4


Dungeon Overview and Level Annotations

Branches:
Dungeon (15/15)            Temple (1/1) D:6            Lair (0/5) D:8
    Orc (0/2) D:12         Depths (0/4) D:15         Bailey (visited)
 Vaults: D:13-14

Altars:
Ashenzari
Cheibriados
Dithmenos
Elyvilon
Fedhas
Gozag
Hepliaklqana
Kikubaaqudgha
Makhleb
Nemelex Xobeh
Okawaru
Qazlal
Ru
Sif Muna
Trog
Uskayaw
Vehumet
Wu Jian
Xom
Yredelemnul
Zin
The Shining One

Shops:
D:1 (   D:3 ?   D:10 *

Annotations:
D:15 1 runed translucent door
Temple 2 transporters


Innate Abilities, Weirdness & Mutations

You have razor-sharp teeth.
Your natural rate of healing is unusually fast.
When hurt, damage is shared between your health and your magic reserves.
Your bite disrupts and absorbs the magic of your enemies.
Potions cannot restore your health.


Message History

Flame seeps out of the quicksilver dragon zombie.
The quicksilver dragon zombie barely misses you. x2
The catoblepas gores you but does no damage.
The skeletal warrior hits you but does no damage.
The flayed ghost hits you!
You are engulfed in calcifying dust.
The flayed ghost's magic is no longer disrupted.
The quicksilver dragon zombie is engulfed in blazing flames.
Flame seeps out of the quicksilver dragon zombie.
The quicksilver dragon zombie bites you but does no damage.
The quicksilver dragon zombie claws you but does no damage.
The catoblepas gores you!
The skeletal warrior hits you with a +0 trident!
The flayed ghost hits you but does no damage.
You are engulfed in calcifying dust.
The quicksilver dragon zombie bites you but does no damage.
The quicksilver dragon zombie claws you but does no damage.
The catoblepas gores you!
* * * LOW HITPOINT WARNING * * *
The skeletal warrior hits you with a +0 trident.
* * * LOW HITPOINT WARNING * * *
The quicksilver dragon zombie bites you!
* * * LOW HITPOINT WARNING * * *
The quicksilver dragon zombie claws you but does no damage.
The flayed ghost hits you.
You are engulfed in calcifying dust.
The quicksilver dragon zombie bites you!
* * * LOW HITPOINT WARNING * * *
The quicksilver dragon zombie claws you but does no damage.
The catoblepas completely misses you.
The skeletal warrior hits you with a +0 trident!
* * * LOW HITPOINT WARNING * * *
The necromancer hits you but does no damage.
The flayed ghost hits you.
* * * LOW HITPOINT WARNING * * *
You are engulfed in calcifying dust.
The quicksilver dragon zombie bites you but does no damage.
The quicksilver dragon zombie claws you but does no damage.
The catoblepas gores you!!
You die...

...........## ..+
...........8.#
..#
........§..8.###
..#
.8....8....8....
..#
..P.........8...
..#
.8..8.>...8...##
..#
P...8..WZz......
..#
#.......P@p......
..#
#...8..8.Y.P.....
..#
...8.8...8......
..#
#.............##
..#
#.............#
#.#
+....#..(.....#
#.#
#....#........#
..#
#....#.......$#
..#
#..........§..#


You could see a catoblepas (inner flame, soul bound), a skeletal warrior (inner
flame), a flayed ghost (inner flame), a necromancer (inner flame) and a
quicksilver dragon zombie (inner flame).

Vanquished Creatures
  A quicksilver dragon zombie (D:15)
  3 boulder beetles
  4 two-headed ogres
  A skeletal warrior (D:15)
  2 orc knights (Bailey)
  An ugly thing (D:13)
  2 deep elf pyromancers (D:12)
  A manticore (D:13)
  2 cyclopes (D:15)
  Maurice (D:7)
  A gargoyle (D:12)
  4 trolls
  A kobold demonologist (D:9)
  Grinder (D:3)
  A spriggan zombie (D:15)
  Prince Ribbit (D:7)
  A jumping spider (shapeshifter) (D:15)
  2 shadows (D:12)
  3 wyverns
  4 yaks (D:8)
  A human (D:3)
  4 vampire mosquitoes (D:14)
  Menkaure (D:6)
  A steam dragon (D:7)
  2 acid dragons
  Edmund (D:4)
  3 water moccasins
  Duvessa (D:7)
  A sky beast (D:8)
  10 orc warriors
  An ogre (D:6)
  2 phantoms
  4 centaurs
  A kobold brigand (D:8)
  A bullfrog (D:9)
  A scorpion (shapeshifter) (D:15)
  12 killer bees
  Dowan (D:7)
  2 howler monkeys
  6 hounds
  14 orc priests
  Jessica (D:3)
  6 iguanas
  Natasha (thrice) (D:3)
  13 orc wizards
  Ijyb (D:4)
  A boggart simulacrum (D:10)
  A gnoll (Bailey)
  5 adders
  A shadow imp (D:8)
  A white imp (D:5)
  2 dart slugs
  3 ribbon worms
  37 orcs
  10 endoplasms
  3 giant cockroaches
  12 goblins
  8 hobgoblins
  2 jackals (D:3)
  4 quokkas
  8 ball pythons
  7 bats
  3 frilled lizards
  17 kobolds
  2 kobold skeletons (D:3)
  A kobold zombie (D:3)
  14 rats
273 creatures vanquished.

Notes
Turn   | Place    | Note
-------+----------+-------------------------------------------
     0 | D:1      | Bnni the Vine Stalker Fighter began the quest for the Orb.
     0 | D:1      | Reached XP level 1. HP: 11/11 MP: 2/2
    59 | D:1      | Found Buci Ucw's Weapon Shoppe.
   209 | D:1      | Reached skill level 2 in Short Blades
   250 | D:1      | Reached XP level 2. HP: 16/16 MP: 1/3
   666 | D:1      | Reached XP level 3. HP: 19/19 MP: 4/4
   816 | D:2      | Identified the +1 robe of Responsibility {rC+ Will+}
  1270 | D:2      | Reached XP level 4. HP: 24/24 MP: 5/5
  1459 | D:3      | Noticed Natasha
  1468 | D:3      | Killed Natasha
  1469 | D:3      | Reached skill level 3 in Short Blades
  1479 | D:3      | Found Syhog's Magic Scroll Boutique.
  1494 | D:3      | Noticed Natasha
  1503 | D:3      | Killed Natasha
  1504 | D:3      | Reached XP level 5. HP: 26/28 MP: 6/6
  1508 | D:3      | Bought a scroll of identify for 24 gold pieces
  1508 | D:3      | Bought a scroll of noise for 12 gold pieces
  1550 | D:3      | Noticed Natasha
  1551 | D:3      | Found a runed translucent door.
  1551 | D:3      | Noticed a human
  1563 | D:3      | Killed Natasha
  1596 | D:3      | Found a basalt altar of Yredelemnul.
  1638 | D:3      | Killed a human
  1668 | D:3      | Found a faded altar of an unknown god.
  1740 | D:3      | Noticed Grinder
  1743 | D:3      | Noticed Jessica
  1752 | D:3      | Killed Grinder
  1753 | D:3      | Reached skill level 4 in Short Blades
  1753 | D:3      | Reached XP level 6. HP: 33/33 MP: 7/7
  1759 | D:3      | Killed Jessica
  2021 | D:4      | Reached XP level 7. HP: 37/37 MP: 8/8
  2023 | D:4      | Reached skill level 5 in Short Blades
  2037 | D:4      | Noticed Ijyb
  2042 | D:4      | Paralysed by Ijyb for 5 turns
  2064 | D:4      | Killed Ijyb
  2135 | D:4      | Found an ancient bone altar of Kikubaaqudgha.
  2229 | D:4      | Found a burning altar of Makhleb.
  2459 | D:4      | Noticed Edmund
  2459 | D:4      | You fall into a shaft and drop 1 floor!
  2459 | D:5      | Entered Level 5 of the Dungeon
  2764 | D:5      | Reached skill level 6 in Short Blades
  2794 | D:5      | Reached skill level 5 in Fighting
  2794 | D:5      | Gained mutation: You have razor-sharp teeth. [Vine Stalker
                  | growth]
  2794 | D:5      | Reached XP level 8. HP: 43/43 MP: 9/9
  3087 | D:4      | Killed Edmund
  3364 | D:6      | Reached skill level 7 in Short Blades
  3406 | D:6      | Noticed Menkaure
  3418 | D:6      | Killed Menkaure
  3557 | D:6      | Found a staircase to the Ecumenical Temple.
  3566 | Temple   | Found a transporter.
  3566 | Temple   | Found a transporter.
  3566 | Temple   | Found a transporter.
  3566 | Temple   | Found a transporter.
  3566 | Temple   | Entered the Ecumenical Temple
  3582 | Temple   | Became a worshipper of Uskayaw the Reveller
  3810 | D:6      | Found a white marble altar of Elyvilon.
  4206 | D:7      | Reached * piety under Uskayaw
  4208 | D:7      | Reached ** piety under Uskayaw
  4214 | D:7      | Reached *** piety under Uskayaw
  4216 | D:7      | Reached skill level 1 in Stealth
  4241 | D:7      | Reached skill level 1 in Invocations
  4242 | D:7      | Reached **** piety under Uskayaw
  4245 | D:7      | Reached skill level 8 in Short Blades
  4245 | D:7      | Reached XP level 9. HP: 14/48 MP: 9/11
  4248 | D:7      | Reached ***** piety under Uskayaw
  4251 | D:7      | Noticed Duvessa
  4251 | D:7      | Noticed Dowan
  4282 | D:7      | Noticed Maurice
  4285 | D:7      | Killed Duvessa
  4288 | D:7      | Killed Dowan
  4301 | D:7      | Killed Maurice
  4384 | D:7      | Noticed Prince Ribbit
  4396 | D:7      | Killed Prince Ribbit
  4977 | D:1      | Bought a +2 rapier of speed for 264 gold pieces
  5179 | D:8      | Reached skill level 9 in Short Blades
  5236 | D:8      | Reached skill level 5 in Stealth
  5236 | D:8      | Reached XP level 10. HP: 44/55 MP: 11/13
  5726 | D:8      | Found a staircase to the Lair.
  6195 | D:9      | Noticed a kobold demonologist
  6208 | D:9      | Killed a kobold demonologist
  6248 | D:9      | Noticed a moth of wrath
  6312 | D:9      | Reached skill level 10 in Short Blades
  6514 | D:9      | Noticed a two-headed ogre
  6525 | D:9      | Killed a two-headed ogre
  6526 | D:9      | Reached skill level 5 in Invocations
  6573 | D:9      | Found a flagged portal.
  6582 | Bailey   | Entered a bailey
  6597 | Bailey   | Noticed an orc knight
  6626 | Bailey   | Killed an orc knight
  6665 | Bailey   | Noticed an orc knight
  6683 | Bailey   | Reached XP level 11. HP: 48/60 MP: 12/16
  6710 | Bailey   | Killed an orc knight
  6787 | Bailey   | Reached ****** piety under Uskayaw
  7387 | D:9      | Noticed a fire dragon
  7440 | D:9      | Found a bloodstained altar of Trog.
  7474 | D:10     | Entered Level 10 of the Dungeon
  7573 | D:10     | Reached skill level 11 in Short Blades
  7628 | D:10     | Found Kaeh's Changing Room.
  7648 | D:10     | Bought a potion of lignification for 42 gold pieces
  7801 | D:11     | Noticed a boulder beetle
  7820 | D:11     | Killed a boulder beetle
  7862 | D:11     | Noticed a two-headed ogre
  7872 | D:11     | Killed a two-headed ogre
  7928 | D:12     | Noticed a two-headed ogre
  7938 | D:12     | Killed a two-headed ogre
  7952 | D:12     | Noticed a deep elf pyromancer
  7978 | D:12     | Killed a deep elf pyromancer
  8045 | D:12     | Noticed a boulder beetle
  8088 | D:12     | Killed a boulder beetle
  8104 | D:12     | Noticed a two-headed ogre
  8112 | D:12     | Killed a two-headed ogre
  8208 | D:12     | Noticed a deep elf pyromancer
  8219 | D:12     | Killed a deep elf pyromancer
  8332 | D:12     | Reached skill level 12 in Short Blades
  8332 | D:12     | Reached XP level 12. HP: 65/65 MP: 18/18
  8400 | D:12     | Found a staircase to the Orcish Mines.
  8675 | D:13     | Noticed a tengu warrior
  8762 | D:15     | Entered Level 15 of the Dungeon
  8773 | D:15     | Found a runed translucent door.
  8774 | D:15     | Noticed a spark wasp
  8876 | D:15     | Noticed a boulder beetle
  8903 | D:15     | Killed a boulder beetle
  8994 | D:15     | Identified a scroll of acquirement
  8997 | D:15     | Acquired 1093 gold pieces
  9069 | D:15     | Noticed a centaur warrior
  9091 | D:15     | Reached skill level 10 in Stealth
  9112 | D:15     | Found a staircase to the Depths.
  9112 | D:15     | Noticed a catoblepas
  9131 | D:15     | Slain by a catoblepas

Illustrated notes

Levels and vault maps discovered:
D:1:      saegor_arrival_simple_e, layout_loops_ring, serial_shops,
          nicolae_shop_bloodbath_and_beyond
D:2:      layout_basic, minmay_fractal_squares_gapless_5
D:3:      layout_rooms, dk_yredelemnul_ordeal, serial_shops,
          nicolae_shop_tiny_glass, dreamdust_ecumenical_altar_statues,
          grunt_ministairs_11, guppyfry_early_orc_mine, uniq_grinder,
          uniq_natasha, uniq_jessica
D:4:      layout_rooms, lemuel_doored_altar, bloody_makhleb,
          minmay_statues_item, nicolae_houndstooth_variations, uniq_ijyb,
          uniq_edmund
D:5:      layout_loops_cross, chequers_serial_rivers_marsh
D:6:      layout_cave_pods, elyvilon_altar_3, minmay_temple_entry_purple_smoke,
          uniq_menkaure
D:7:      layout_cave_pools, uniq_prince_ribbit1, uniq_maurice, uniq_duvessa
D:8:      layout_basic, lair_entry_dummy, nicolae_underground_beach
D:9:      dragon1_lemuel, layout_basic, tgw_trog, enter_bailey_8
D:10:     layout_stronghold, nicolae_transmutations_shop
D:11:     layout_roguey, uniq_josephine
D:12:     layout_basic, david_orc_3, kennysheep_donut
D:13:     layout_stronghold, serial_glass, glass_columns_a, glass_columns_a,
          grunt_tough_drop, uniq_nessos
D:14:     layout_roguey [special_room_orc], lightli_vaults_fourway_checkpoint,
          nrook_mini_backslash, uniq_frances
D:15:     gammafunk_depths_entry_grave, layout_stronghold,
          minmay_misc_feat_ornament, nicolae_guarded_unrand_storm_shield
Temple:   hellmonk_temple_divided_pantheon

Skill      XL: |  1  2  3  4  5  6  7  8  9 10 11 12 |
---------------+-------------------------------------+-----
Short Blades   | 2 3 4 6 8 9 10 12 | 12.6
Shields        | 3 4 |  4.0
Fighting       | 3 4 5 6 7 8 9 |  9.4
Stealth        | 2 5 7 9 10 | 10.1
Invocations    | 1 3 5 7 |  7.7
Armour         | |  2.4

Action                     |  1- 3 |  4- 6 |  7- 9 | 10-12 || total
---------------------------+-------+-------+-------+-------++-------
  Melee: Rapier            |   120 |   118 |    46 |   543 ||   827
         Bite              |    24 |    38 |   148 |   252 ||   462
         Dagger            |       |    24 |   334 |    12 ||   370
         Short sword       |       |       |     1 |    18 ||    19
  Throw: Dart              |       |       |       |    27 ||    27
 Invoke: Line Pass         |       |       |     2 |     5 ||     7
  Evoke: Wand              |       |       |     7 |     5 ||    12
    Use: Scroll            |       |     3 |     6 |     4 ||    13
         Potion            |       |       |     2 |     1 ||     3
   Stab: Paralysed         |       |       |     7 |    28 ||    35
         Confused          |       |       |     1 |     3 ||     4
         Sleeping          |       |       |       |     1 ||     1
 Armour: Scale mail        |    71 |    69 |    50 |       ||   190
         Chain mail        |       |       |    94 |   268 ||   362
  Dodge: Dodged            |    45 |    95 |   157 |   171 ||   468
  Block: Buckler           |    21 |    42 |    84 |   100 ||   247
